 Dungeon Crawl Stone Soup version 0.29.1-12-g30fa7ad0bf (webtiles) character file.

Game seed: 15353362568754231580

1290 ThatPearl the Trooper (level 8, -3/64 HPs)
             Began as a Demonspawn Monk on Jan 2, 2023.
             Was an Elder of Makhleb.
             Slain by a gnoll
             ... wielding a +0 spear
             ... led by a gnoll sergeant
              (5 damage)
             ... on level 5 of the Dungeon.
             The game lasted 00:23:49 (5892 turns).

ThatPearl the Trooper (Demonspawn Monk)             Turns: 5892, Time: 00:23:50

Health: -3/64      AC:  5    Str: 13    XL:     8   Next: 30%
Magic:  11/11      EV: 13    Int: 15    God:    Makhleb [****..]
Gold:   68         SH:  0    Dex: 21    Spells: 3/7 levels left

rFire   . . .      SeeInvis .   j - +4 rapier (vamp)
rCold   . . .      Faith    .   (no shield)
rNeg    . . .      Spirit   .   y - +1 leather armour {rPois}
rPois   +          Reflect  .   (helmet restricted)
rElec   .          Harm     .   (no cloak)
rCorr   .          Rampage  .   w - +0 pair of gloves of Morality {+Inv Int+2}
Will    .....                   (no boots)
Stlth   ++........              t - amulet of the acrobat
HPRegen 0.20/turn               h - ring of flight
MPRegen 0.12/turn               x - +6 ring of dexterity

@: flying
A: antennae 2, spiny 1, demonic touch 1
a: Renounce Religion, Evoke Invisibility, Minor Destruction, Lesser Servant of
Makhleb, Major Destruction


You were on level 5 of the Dungeon.
You worshipped Makhleb.
Makhleb was greatly pleased with you.
You visited 1 branch of the dungeon, and saw 5 of its levels.
You also visited: Sewer.

You collected 267 gold pieces.
You spent 199 gold pieces at shops.

Inventory:

Hand Weapons
 a - a +0 hand axe
 j - a +4 vampiric rapier (weapon)
 m - a +1 dagger of venom
Missiles
 n - 7 boomerangs
 r - 14 stones (quivered)
 A - 3 poisoned darts
 D - 3 javelins
Armour
 w - the +0 pair of gloves of Morality (worn) {+Inv Int+2}
   (You bought it in a shop on level 4 of the Dungeon)

   Int:       It affects your intelligence (+2).
   +Inv:      It lets you turn invisible.
 y - a +1 leather armour of poison resistance (worn)
Magical Staves
 d - a staff of air
Jewellery
 h - a ring of flight (left hand)
 k - a ring of ice
 o - a ring of positive energy
 t - an amulet of the acrobat (around neck)
 x - a +6 ring of dexterity (right hand)
Wands
 c - a wand of charming (11)
 B - a wand of roots (9)
Scrolls
 f - 3 scrolls of identify {unknown}
 g - 6 scrolls of blinking
 q - a scroll of teleportation {unknown}
 u - a scroll of fear {unknown}
 z - a scroll of enchant armour {unknown}
 C - a scroll of acquirement {unknown}
Potions
 b - a potion of resistance {unknown}
 e - 3 potions of brilliance {unknown}
 i - 4 potions of flight {unknown}
 l - a potion of heal wounds {unknown}
 p - 2 potions of attraction {unknown}
 s - 2 potions of berserk rage {unknown}
 v - 2 potions of curing {unknown}
 E - 2 potions of haste


   Skills:
 + Level 6.1 Fighting
 + Level 5.5 Axes
 + Level 3.6 Armour
 - Level 2.9 Dodging
 - Level 2.2 Stealth
 + Level 2.0 Hexes
 + Level 5.2 Invocations


You had 3 spell levels left.
You knew the following spells:

 Your Spells              Type           Power      Damage    Failure   Level
c - Confusing Touch       Hex            6%         N/A       41%         3
s - Slow                  Hex            24%        N/A       14%         1

Your spell library contained the following spells:

 Spells                   Type           Power      Damage    Failure   Level
 Poisonous Vapours        Pois/Air       0%         N/A       45%         2
 Vampiric Draining        Necr           0%         2d6       69%         3
 Corpse Rot               Necr/Pois/Air  0%         N/A       97%         4


Dungeon Overview and Level Annotations

Branches:
Dungeon (5/15)              Sewer (visited)
 Temple: D:4-7

Altars:
Cheibriados
Fedhas
Makhleb
Ru

Shops:
D:4 ?[[=


Innate Abilities, Weirdness & Mutations

You have a pair of antennae on your head.
You are partially covered in sharp spines.
Your touch may inflict minor irresistible damage on your foes.


Message History

The gnoll sergeant closely misses you. The gnoll is struck by your spines.
The gnoll hits you with a +0 spear. x2
You barely miss the gnoll.
The gnoll is severely wounded.
The gnoll hits you with a +0 spear!
The gnoll sergeant hits you from afar with a +0 spear.
The gnoll closely misses you.
You hit the gnoll.
You feel better.
You kill the gnoll!
Makhleb accepts your kill.
You feel better.
The gnoll sergeant hits you from afar with a +0 spear.
The gnoll is struck by your spines. The gnoll hits you but does no damage.
Your Hexes skill increases to level 2!
You hit the gnoll. Your touch misses the gnoll.
The gnoll is heavily wounded.
The gnoll sergeant hits you from afar with a +0 spear!
The gnoll hits you with a +0 spear!
You closely miss the gnoll.
The gnoll is heavily wounded.
The gnoll barely misses you.
The gnoll sergeant hits you from afar with a +0 spear.
You barely miss the gnoll.
The gnoll is heavily wounded.
The gnoll hits you with a +0 spear.
* * * LOW HITPOINT WARNING * * *
The gnoll sergeant hits you from afar with a +0 spear!
* * * LOW HITPOINT WARNING * * *
The gnoll sergeant hits you from afar with a +0 spear!
* * * LOW HITPOINT WARNING * * *
The gnoll hits you but does no damage. The gnoll completely misses you.
Blink to where?
Press: ? - help, Dir - move target, f - you
Okay, then.
Blink to where?
Press: ? - help, Dir - move target
As you read the scroll of blinking, it crumbles to dust.
The gnoll hits you from afar with a +0 spear.
You die...

<.......#..g....#..........
........#####)###..........
######'####....##....##.##.
.. #.....####'###.##. ..
#......#..........
#..)...#.>........
#......'.........[
#..g..ยง#..........
#@.g...#..........
##)...##..........
##....##..........
#.....##.....####.
#.....###########.
#.................
#.................
#.................
###...####'#####+#


You could see a gnoll sergeant and a gnoll.

Vanquished Creatures
  Eustachio (D:4)
  Menkaure (D:4)
  A water moccasin (D:5)
  2 bullfrogs (Sewer)
  A necrophage (D:5)
  A gnoll bouda (D:4)
  A jelly (D:4)
  2 orc priests
  2 hounds (D:4)
  Natasha (thrice) (D:4)
  2 iguanas
  3 orc wizards
  12 gnolls
  10 adders
  A worm (D:4)
  3 dart slugs
  8 orcs
  14 endoplasms
  12 giant cockroaches
  5 goblins
  A hobgoblin (D:2)
  3 jackals (D:1)
  11 kobolds
  13 quokkas
  13 ball pythons
  11 bats
  14 frilled lizards
  7 rats
158 creatures vanquished.

Vanquished Creatures (collateral kills)
  An orc (D:4)
1 creature vanquished.

Grand Total: 159 creatures vanquished

Notes
Turn   | Place    | Note
-------+----------+-------------------------------------------
     0 | D:1      | ThatPearl the Demonspawn Monk began the quest for the Orb.
     0 | D:1      | Reached XP level 1. HP: 18/18 MP: 1/1
   149 | D:1      | Discovered your monstrous ancestry.
   149 | D:1      | Gained mutation: You have a pair of small antennae on your
                  | head. [demonic ancestry]
   149 | D:1      | Reached XP level 2. HP: 13/24 MP: 2/2
   800 | D:1      | Found a faded altar of an unknown god.
   819 | D:1      | Prayed at the altar of an unknown god.
   819 | D:1      | Became a worshipper of Makhleb the Destroyer
   819 | D:1      | Reached * piety under Makhleb
   819 | D:1      | Reached ** piety under Makhleb
   886 | D:1      | Gained mutation: Your touch may inflict minor irresistible
                  | damage on your foes. [demonic ancestry]
   886 | D:1      | Reached XP level 3. HP: 19/29 MP: 3/3
  1938 | D:2      | Reached *** piety under Makhleb
  2344 | D:2      | Gained mutation: You are partially covered in sharp spines.
                  | [demonic ancestry]
  2344 | D:2      | Reached XP level 4. HP: 37/37 MP: 4/4
  2448 | D:3      | Reached skill level 4 in Fighting
  2465 | D:3      | Reached XP level 5. HP: 25/43 MP: 5/5
  2861 | D:4      | Noticed Menkaure
  2877 | D:4      | Killed Menkaure
  2878 | D:4      | Reached skill level 1 in Armour
  2878 | D:4      | Reached skill level 1 in Invocations
  2878 | D:4      | Gained mutation: You have a pair of antennae on your head.
                  | [demonic ancestry]
  2878 | D:4      | Reached XP level 6. HP: 27/49 MP: 5/7
  2915 | D:4      | Found a glowing drain.
  2930 | Sewer    | Entered a sewer
  3184 | Sewer    | Reached **** piety under Makhleb
  3210 | Sewer    | Reached skill level 5 in Fighting
  3434 | D:4      | Reached XP level 7. HP: 46/56 MP: 9/9
  4026 | D:3      | Found a snail-covered altar of Cheibriados.
  4027 | D:3      | Found a blossoming altar of Fedhas.
  4057 | D:3      | You are sucked into a shaft and drop 1 floor!
  4057 | D:4      | Found Nirarat's Antique Armour Boutique.
  4259 | D:4      | Noticed Eustachio
  4277 | D:4      | Killed Eustachio
  4278 | D:4      | Reached skill level 5 in Axes
  4472 | D:4      | Bought a pair of brightly glowing gloves for 199 gold
                  | pieces
  4472 | D:4      | Identified the +0 pair of gloves of Morality {+Inv Int+2}
                  | (You bought it in a shop on level 4 of the Dungeon)
  4500 | D:4      | Found Veuzamn's Antique Armour Shoppe.
  4556 | D:4      | Noticed Natasha
  4560 | D:4      | Killed Natasha
  4563 | D:4      | Learned a level 1 spell: Slow
  4567 | D:4      | Learned a level 3 spell: Confusing Touch
  4597 | D:4      | Found Goud's Jewellery Shoppe.
  4797 | D:4      | Noticed Natasha
  4804 | D:4      | Killed Natasha
  4902 | D:4      | Noticed Natasha
  4909 | D:4      | Killed Natasha
  4966 | D:4      | Found Aryamin's Magic Scroll Emporium.
  5074 | D:5      | Entered Level 5 of the Dungeon
  5212 | D:5      | Found a sacrificial altar of Ru.
  5279 | D:5      | Reached skill level 1 in Hexes
  5287 | D:5      | Reached XP level 8. HP: 51/64 MP: 11/11
  5407 | D:5      | Reached skill level 5 in Invocations
  5433 | D:5      | Reached skill level 6 in Fighting
  5887 | D:5      | HP: 1/64 [gnoll sergeant/+0 spear (8)]
  5892 | D:5      | Slain by a gnoll

Illustrated notes

Levels and vault maps discovered:
D:1:      shiori_arrival_elements, layout_basic,
          dreamdust_ecumenical_altar_angels_and_demons, minmay_strange_pillars
D:2:      layout_basic, minmay_indecisive_spiral
D:3:      layout_basic, nicolae_overflow_two_pavilions, st_stairs_13,
          uniq_crazy_yiuf_cottage
D:4:      layout_gridville, serial_shops, shop, nicolae_square_shop,
          nicolae_shop_stone, nicolae_shop_waterfront, portal_sewer_entry_f,
          uniq_eustachio, uniq_menkaure, uniq_natasha
D:5:      layout_gridville, nicolae_ru_awakened_eye, serial_shops, shop

Skill      XL: |  1  2  3  4  5  6  7  8 |
---------------+-------------------------+-----
Stealth        | 2 |  2.2
Axes           | 3 4 5 |  5.5
Fighting       | 4 5 6 |  6.1
Armour         | 1 2 3 |  3.6
Invocations    | 1 3 4 5 |  5.2
Hexes          | 1 2 |  2.0
Dodging        | |  2.9

Action                   |  1- 3 |  4- 6 |  7- 9 || total
-------------------------+-------+-------+-------++-------
Melee: Hand axe          |   150 |    95 |       ||   245
       Punch             |     2 |     2 |       ||     4
       Touch             |    18 |    12 |    21 ||    51
       Rapier            |       |     4 |   112 ||   116
Invok: Lesser Servant of |       |     1 |       ||     1
       Minor Destruction |       |     4 |       ||     4
  Use: Potion            |       |     1 |       ||     1
       Scroll            |       |     2 |     1 ||     3
 Stab: Sleeping          |     8 |     5 |     2 ||    15
Armor: Robe              |    45 |    20 |     2 ||    67
       Scale mail        |       |       |    14 ||    14
       Leather armour    |       |       |    14 ||    14
Dodge: Dodged            |   116 |    52 |    89 ||   257
